 Dungeon Crawl Stone Soup version 0.31-a0-620-gd1cbd99268 (webtiles) character file.

Game seed: 1605070952296011942

1866 kae the Mimic (level 8, -1/59 HPs)
             Began as a Black Draconian Shapeshifter on Aug 23, 2023.
             Slain by an orc warrior
             ... wielding a +0 mace
              (11 damage)
             ... on level 6 of the Dungeon.
             The game lasted 00:06:36 (5854 turns).

kae the Mimic (Black Draconian Shapeshifter)        Turns: 5854, Time: 00:06:36

Health: -1/59      AC: -10   Str: 19    XL:     8   Next: 90%
Magic:  8/8        EV: 12    Int:  8    God:
Gold:   194        SH:  0    Dex: 19    Spells: 7/7 levels left

rFire   . .          .
                       - Unarmed
rCold   . . .        (shield currently unavailable)
rNeg    . . .        (body armour unavailable)
rPois   .            (helmet restricted)
rElec   +            (no cloak)
rCorr   .            (no gloves)
SInv    .            (no boots)
Will    +....        (no amulet)
Stlth   +            l - ring of willpower
HPRegen 0.29/turn    D - +6 ring of dexterity
MPRegen 0.11/turn

%: no passive effects
@: flux-form, corroded, glowing
A: glow, contaminating, breathe lightning, AC +6, unfitting armour, electricity
resistance, cold-blooded
a: Breathe Lightning, Begin Untransformation


You were on level 6 of the Dungeon.
You were something dangerously unstable.
You visited 1 branch of the dungeon, and saw 6 of its levels.
You also visited: Sewer.

You collected 194 gold pieces.


Innate Abilities, Weirdness & Mutations

You are something dangerously unstable.
You glow with magical radiation, making you easy to see and hit.
Foes you strike become dangerously contaminated with magical radiation.
You are incapable of wielding weapons or throwing items.
You can breathe wild blasts of lightning.
Your glossy black scales are hard. (AC +6)
You cannot fit into any form of body armour.
You are resistant to electric shocks. (rElec)
You are cold-blooded and may be slowed by cold attacks.


   Skills:
 - Level 1.1 Fighting
 - Level 1.7 Dodging
 + Level 7.3 Unarmed Combat
 * Level 9.2 Shapeshifting


You had 7 spell levels left.
You didn't know any spells.
Your spell library contained the following spells:

 Spells                   Type           Power      Damage    Failure   Level
 Stone Arrow              Conj/Erth      0%         3d7       78%         3
 Lehudib's Crystal Spear  Conj/Erth      0%         10d2      100%        8
 Animate Armour           Summ/Erth      Unusable   N/A       N/A         4

Inventory:

Missiles
 e - 50 stones
 i - a throwing net {=f!f}
 j - 8 poisoned darts
Magical Staves
 q - a staff of air {!a}
   (You found it on level 3 of the Dungeon)
Jewellery
 l - a ring of willpower (left hand)
   (You found it on level 1 of the Dungeon)
 D - a +6 ring of dexterity (right hand)
   (You found it on level 3 of the Dungeon)
Talismans
 b - a beast talisman
 c - a flux talisman (active)
 d - a blade talisman
   (You found it on level 1 of the Dungeon)
Wands
 s - a wand of iceblast (14)
   (You found it on level 4 of the Dungeon)
 t - a wand of flame (17)
   (You found it on level 5 of the Dungeon)
 u - a wand of light (4)
   (You took it off Ijyb on level 5 of the Dungeon)
Scrolls
 h - 3 scrolls of teleportation {@r4}
 p - 2 scrolls of identify {@r1}
Potions
 a - a potion of lignification {!q}
 f - 2 potions of mutation {!q}
 k - 2 potions of attraction {!q}
 m - 2 potions of invisibility
 n - a potion of haste {@q3}
 o - a potion of might
 r - a potion of brilliance
 v - a potion of berserk rage {!q}

Dungeon Overview and Level Annotations

Branches:
Dungeon (6/15) Zot: 26848   Sewer (visited)
 Temple: D:4-7

Altars:
Elyvilon
Yredelemnul
Zin

Annotations:
D:2 Terence
D:6 Sigmund

#.## ####...#
#<.###......#
#..##.......#
###.†........##.
##..##...........
................#
#.....##.........#
.....# #.#o...#..#
..##.###.#.B.## ..
.......4..#
...#####.# . . .#
# .. ... .(#.
.#### ..


You could see a rust devil and an orc warrior.


Message History

No target in view!
There is a stone staircase leading up here.
You climb upwards.
The orc warrior shouts! x2; The rust devil screeches!
There is a stone staircase leading down here.
The rust devil hits you. The rust devil corrodes you!
You climb downwards.
Level annotation: Sigmund
There is a stone staircase leading up here. 😕 HP[-6]
You take 6 damage, and now have 53/59 hp.
You completely miss the rust devil.
Your tail-slap misses the rust devil.
You hit the rust devil.
The rust devil begins to glow.
The rust devil hits you. The rust devil corrodes you! 😕 HP[+1]
You hit the rust devil but do no damage.
The rust devil glows dangerously bright.
You tail-slap the rust devil, but do no damage.
The rust devil closely misses you.
You hit the rust devil but do no damage.
The rust devil shudders as magic cascades through it.
The rust devil twists and deforms.
You tail-slap the rust devil, but do no damage.
The rust devil misses you.
You hit the rust devil.
The rust devil begins to glow.
You tail-slap the rust devil, but do no damage.
The rust devil hits you. The rust devil corrodes you!
Unknown command. 😕 HP[-2]
You take 2 damage, and now have 52/59 hp.
You hit the rust devil but do no damage.
The rust devil glows dangerously bright.
You tail-slap the rust devil, but do no damage.
The rust devil closely misses you. 😕 HP[+1]
You hit the rust devil but do no damage.
The rust devil shudders as magic cascades through it!!
The rust devil twists and deforms.
Your tail-slap misses the rust devil.
The rust devil hits you! The rust devil corrodes you! 😕 HP[-7]
You take 7 damage, and now have 46/59 hp.
You hit the rust devil but do no damage.
The rust devil begins to glow.
You tail-slap the rust devil, but do no damage.
Unknown command.
You hit the rust devil.
The rust devil glows dangerously bright.
The rust devil hits you! The rust devil corrodes you! 😮 HP[-7]
You take 7 damage, and now have 39/59 hp.
You hit the rust devil but do no damage.
The rust devil shudders as magic cascades through it!!
You kill the rust devil!
Your Shapeshifting skill increases to level 9! 😮 HP[+1]
You start resting. 😕 HP[+10]
You regained 10 hp, and now have 50/59 hp.
There is a stone staircase leading up here.
You start resting.
You are no longer corroded. 😕 HP[+4]
You regained 4 hp, and now have 54/59 hp.
Unknown command.
You start resting. 😎 HP[+5]
Your hp is fully restored (59).
You climb upwards.
The orc warrior hits you with a +0 mace.
The rust devil hits you. The rust devil corrodes you!
There is a stone staircase leading down, spattered with blood here. 😕 HP[-11]
You take 11 damage, and now have 48/59 hp.
You barely miss the rust devil.
Your tail-slap misses the rust devil.
The orc warrior closely misses you. The rust devil hits you.
The rust devil corrodes you!
You barely miss the rust devil.
The orc warrior hits you with a +0 mace!!
* * * LOW HITPOINT WARNING * * *
The rust devil misses you. 😨 HP[-22]
You take 22 damage, and now have 26/59 hp.
MASSIVE DAMAGE!! (PAUSE)
The orc warrior hits you with a +0 mace!
* * * LOW HITPOINT WARNING * * *
The rust devil hits you!
* * * LOW HITPOINT WARNING * * *
The rust devil corrodes you!
You climb downwards.
Level annotation: Sigmund
There is a stone staircase leading up here. 😱 HP[-17]
You take 17 damage, and now have 9/59 hp.
MASSIVE DAMAGE!! (PAUSE)
Okay, then.
You feel better. The rust devil hits you.
* * * LOW HITPOINT WARNING * * *
The rust devil corrodes you!
The orc warrior hits you with a +0 mace!
You die...

Skill      XL: |  1  2  3  4  5  6  7  8 |
---------------+-------------------------+-----
Shapeshifting  | 4 5 6 7 9 |  9.2
Unarmed Combat | 4 5 6 7 |  7.3
Fighting       | |  1.1
Dodging        | |  1.7

Action                     |  1- 3 |  4- 6 |  7- 9 || total
---------------------------+-------+-------+-------++-------
  Melee: Unarmed           |    72 |   262 |   118 ||   452
         Tailslap          |     8 |    39 |    18 ||    65
         Punch             |     1 |     2 |       ||     3
Ability: Breathe Lightning |       |       |     6 ||     6
    Use: Scroll            |     2 |     5 |     5 ||    12
         Potion            |       |       |     2 ||     2
   Stab: Sleeping          |       |     1 |       ||     1
 Armour: Skin              |    27 |    60 |    32 ||   119
  Dodge: Dodged            |    43 |   121 |    68 ||   232
   Form: Flux              |       |     1 |       ||     1

Levels and vault maps discovered:
D:1:      doesnt_arrival_eight_statues, layout_basic, minivault_24
D:2:      layout_loops_ring, grunt_decor_one_mirror, minmay_misc_feat_rugged,
          uniq_terence, uniq_jessica
D:3:      minmay_octagon_keep, layout_basic, portal_sewer_entry_b, st_stairs_8
D:4:      layout_loops_ring, zin_scriptorium, kennysheep_ying_yang
D:5:      cheibrodos_iron_armory, layout_loops_ring, uniq_ijyb, uniq_edmund,
          uniq_blork_the_orc, uniq_menkaure
D:6:      layout_cave_pools, minmay_temple_entry_butterflies, uniq_eustachio,
          uniq_sigmund, uniq_crazy_yiuf_cottage

Notes
Turn   | Place    | Note
-------+----------+-------------------------------------------
     0 | D:1      | kae the Draconian Shapeshifter began the quest for the Orb.
     0 | D:1      | Reached XP level 1. HP: 16/16 MP: 1/1
     0 | D:1      | magus.rc [v1.11.3]
   112 | D:1      | Reached XP level 2. HP: 17/23 MP: 2/2
   544 | D:1      | Reached XP level 3. HP: 26/28 MP: 3/3
   880 | D:2      | Noticed Jessica
   891 | D:2      | Killed Jessica
   892 | D:2      | Reached skill level 4 in Shapeshifting
   896 | D:2      | Reached XP level 4. HP: 23/35 MP: 4/4
  1026 | D:2      | Noticed Terence
  1311 | D:2      | Reached skill level 4 in Unarmed Combat
  1707 | D:3      | Reached XP level 5. HP: 24/40 MP: 5/5
  1841 | D:3      | Found a glowing drain.
  1860 | Sewer    | Entered a sewer
  2005 | Sewer    | Reached skill level 5 in Shapeshifting
  2424 | D:3      | Reached XP level 6. HP: 45/47 MP: 6/6
  3361 | D:4      | Found a glowing silver altar of Zin.
  3653 | D:4      | Reached skill level 5 in Unarmed Combat
  3653 | D:4      | Reached skill level 6 in Shapeshifting
  3781 | D:4      | Found a white marble altar of Elyvilon.
  3893 | D:4      | Found a basalt altar of Yredelemnul.
  4050 | D:4      | Your scales start taking on a glossy black colour.
  4050 | D:4      | Reached XP level 7. HP: 48/52 MP: 7/7
  4050 | D:4      | Gained mutation: You are resistant to electric shocks.
                  | (rElec) [Black Draconian growth]
  4350 | D:5      | Entered Level 5 of the Dungeon
  4405 | D:5      | HP: 10/48 [water moccasin (4)]
  4406 | D:5      | HP: 3/48 [water moccasin (5)]
  4412 | D:5      | HP: 11/50 [hound (2)]
  4736 | D:5      | Noticed Edmund
  4745 | D:5      | Killed Edmund
  4746 | D:5      | Reached skill level 7 in Shapeshifting
  4899 | D:5      | Noticed Ijyb
  4907 | D:5      | Killed Ijyb
  4985 | D:5      | Reached skill level 6 in Unarmed Combat
  5002 | D:5      | Reached XP level 8. HP: 40/59 MP: 8/8
  5030 | D:5      | Noticed Menkaure
  5037 | D:5      | Killed Menkaure
  5256 | D:5      | Reached skill level 8 in Shapeshifting
  5392 | D:5      | You pick up a book of Armaments and begin reading...
  5392 | D:5      | You add the spells Stone Arrow and Lehudib's Crystal Spear
                  | to your library.
  5643 | D:5      | Noticed Blork the orc
  5656 | D:5      | Killed Blork the orc
  5730 | D:6      | Noticed Sigmund
  5762 | D:6      | Reached skill level 7 in Unarmed Combat
  5769 | D:5      | Noticed a rust devil
  5769 | D:5      | Noticed a rust devil
  5781 | D:6      | Killed a rust devil
  5782 | D:6      | Reached skill level 9 in Shapeshifting
  5852 | D:5      | HP: 8/59 [rust devil (10)]
  5854 | D:6      | Slain by an orc warrior

Vanquished Creatures
  A rust devil (D:6)
  Menkaure (D:5)
  Edmund (D:5)
  2 water moccasins (D:5)
  2 black bears (D:5)
  Blork the orc (D:5)
  A bullfrog (D:6)
  2 scorpions
  A jelly (D:5)
  3 hounds
  A sleepcap (D:4)
  Jessica (D:2)
  Ijyb (D:5)
  7 iguanas
  2 orc wizards (D:4)
  4 gnolls (D:5)
  9 adders
  2 river rats
  4 worms
  5 dart slugs
  8 orcs
  2 bats
  6 endoplasms
  7 giant cockroaches
  7 goblins
  6 hobgoblins
  5 jackals
  5 quokkas
  13 ball pythons
  4 frilled lizards
  7 kobolds
  15 rats
136 creatures vanquished.

Table legend:
 A = Non-vault XP
 B = Vault XP
 C = Vault XP percentage of total XP
 D = Non-vault monster count
 E = Vault monster count
 F = Vault count percentage of total count
                 A         B        C        D         E       F
            +---------+---------+-------+---------+---------+-------
      Total |    1637 |    1029 |  38.6 |      95 |      41 |  30.1
            +---------+---------+-------+---------+---------+-------
        D:1 |      44 |       0 |   0.0 |      25 |       0 |   0.0
        D:2 |      86 |      37 |  30.1 |      14 |       1 |   6.7
        D:3 |     152 |      48 |  24.0 |      12 |      19 |  61.3
        D:4 |     318 |       0 |   0.0 |      24 |       0 |   0.0
        D:5 |     944 |     458 |  32.7 |      19 |       4 |  17.4
        D:6 |      93 |     427 |  82.1 |       1 |       1 |  50.0
      Sewer |       0 |      59 | 100.0 |       0 |      16 | 100.0
            +---------+---------+-------+---------+---------+-------

Skill      XL: |  1  2  3  4  5  6  7  8 |
---------------+-------------------------+-----
Shapeshifting  | 4 5 6 7 9 |  9.2
Unarmed Combat | 4 5 6 7 |  7.3
Fighting       | |  1.1
Dodging        | |  1.7

Action                     |  1- 3 |  4- 6 |  7- 9 || total
---------------------------+-------+-------+-------++-------
  Melee: Unarmed           |    72 |   262 |   118 ||   452
         Tailslap          |     8 |    39 |    18 ||    65
         Punch             |     1 |     2 |       ||     3
Ability: Breathe Lightning |       |       |     6 ||     6
    Use: Scroll            |     2 |     5 |     5 ||    12
         Potion            |       |       |     2 ||     2
   Stab: Sleeping          |       |     1 |       ||     1
 Armour: Skin              |    27 |    60 |    32 ||   119
  Dodge: Dodged            |    43 |   121 |    68 ||   232
   Form: Flux              |       |     1 |       ||     1

Illustrated notes

Table legend:
 A = Kills in this place as a percentage of kills in the entire game.
 B = Kills by you in this place as a percentage of kills by you in the entire game.
 C = Kills by friends in this place as a percentage of kills by friends in the entire game.
 D = Other kills in this place as a percentage of other kills in the entire game.
 E = Experience gained in this place as a percentage of experience gained in the entire game.
 F = Experience gained in this place divided by the number of levels of this place that you have seen.
                   A       B       C       D       E      F
               +-------+-------+-------+-------+-------+----------------------
         Total | 100.0 | 100.0 |   N/A |   N/A | 100.0 | 380.9
       Dungeon |  88.2 |  88.2 |   N/A |   N/A |  97.8 | 434.5
         Sewer |  11.8 |  11.8 |   N/A |   N/A |   2.2 |  59.0
               +-------+-------+-------+-------+-------+----------------------

Table legend: (Time is in decaauts)
 A = Elapsed time spent in this place.
 B = Non-inter-level travel time spent in this place.
 C = Inter-level travel time spent in this place.
 D = Time resting spent in this place.
 E = Time spent auto-exploring this place.
 F = Levels seen in this place.
 G = Mean time per level.
                   A        B        C        D        E       F      G
               +--------+--------+--------+--------+--------+-----+--------+
         Total |   5889 |   5781 |    108 |    745 |   3900 |   7 |  841.3 |
       Dungeon |   5474 |   5366 |    108 |    727 |   3693 |   6 |  912.3 |
         Sewer |    415 |    415 |      0 |     18 |    207 |   1 |  415.0 |
               +--------+--------+--------+--------+--------+-----+--------+

Top non-repeatable levels by time:
     D:5: 1360 daAuts
     D:4: 1263 daAuts
     D:3: 1033 daAuts
     D:2: 876 daAuts
     D:1: 809 daAuts
   Sewer: 415 daAuts
     D:6: 130 daAuts
